 Dungeon Crawl Stone Soup version 0.30-a0-457-g4b7bca3bfa (webtiles) character file.

Game seed: 16922361197254547846

74 Subzer0 the Grave Robber (level 4, 0/30 HPs)
             Began as a Human Necromancer on Dec 13, 2022.
             Was a Follower of Qazlal.
             Succumbed to an adder's poison
             ... on level 3 of the Dungeon.
             The game lasted 00:26:38 (2777 turns).

Subzer0 the Grave Robber (Human Necromancer)        Turns: 2777, Time: 00:26:39

Health: 0/30       AC:  4    Str: 14    XL:     4   Next: 52%
Magic:  1/8        EV: 12    Int: 17    God:    Qazlal [*.....]
Gold:   158        SH:  1    Dex: 14    Spells: 2/9 levels left

rFire   . . .      SeeInvis .    o - +0 short sword (vorpal)
rCold   . . .      Faith    .    (no shield)
rNeg    . . .      Spirit   .    a - +1 robe
rPois   .          Reflect  .    (no helmet)
rElec   .          Harm     .    (no cloak)
rCorr   .          Rampage  .    (no gloves)
Will    .....                    d - +0 pair of boots
Stlth   ++........               (no amulet)
HPRegen 0.25/turn                j - +6 ring of strength
MPRegen 0.11/turn                (no ring)

@: lethally poisoned (0 -> -7), very slightly contaminated
A: reduced essence
a: Renounce Religion


You were on level 3 of the Dungeon.
You worshipped Qazlal.
Qazlal was aware of your devotion.
You visited 1 branch of the dungeon, and saw 3 of its levels.

You collected 183 gold pieces.
You spent 25 gold pieces at shops.

Inventory:

Hand Weapons
 c - a +0 sling of freezing
 o - a +0 vorpal short sword (weapon)
Missiles
 e - 4 boomerangs
 r - 28 stones
Armour
 a - a +1 robe (worn)
 d - a +0 pair of boots (worn)
Jewellery
 j - a +6 ring of strength (left hand)
Scrolls
 m - a scroll of fear {unknown}
Potions
 b - a potion of magic
 f - 2 potions of mutation
 g - 2 potions of heal wounds {unknown}
 h - a potion of lignification {unknown}
 i - a potion of invisibility {unknown}
 k - a potion of resistance {unknown}


   Skills:
 + Level 2.2 Dodging
 + Level 2.2 Stealth
 + Level 3.0 Spellcasting
 + Level 4.8 Necromancy


You had 2 spell levels left.
You knew the following spells:

 Your Spells              Type           Power      Damage    Failure   Level
a - Necrotise             Necr           72%        1d7       2%          1
b - Vampiric Draining     Necr           18%        2d7       8%          3
c - Beastly Appendage     Tmut           4%         N/A       17%         1
d - Wereblood             Tmut           2%         N/A       26%         2

Your spell library contained the following spells:

 Spells                   Type           Power      Damage    Failure   Level
 Ensorcelled Hibernation  Hex/Ice        4%         N/A       26%         2
 Passwall                 Tmut/Erth      1%         N/A       26%         2
 Animate Dead             Necr           18%        N/A       24%         4
 Spider Form              Tmut/Pois      2%         N/A       45%         3
 Swiftness                Air            2%         N/A       45%         3
 Agony                    Necr           18%        N/A       56%         5


Dungeon Overview and Level Annotations

Branches:
Dungeon (3/15)

Altars:
Hepliaklqana
Qazlal
Zin

Shops:
D:2 (


Message History

Aim: an adder You draw life force from the adder!
You feel life coursing into your body.
You feel very sick.
You feel very sick.
The adder bites you but does no damage. x2
Casting: Vampiric Draining (quite dangerous; 8% risk of failure)
Confirm with . or Enter, or press ? or * to list all spells.
The spell is quite dangerous to miscast (8% risk of failure)!
Continue anyway?
Okay, then.
You barely miss the adder.
The adder is moderately wounded.
You feel sick. The adder closely misses you.
The adder bites you but does no damage. The adder barely misses you.
Casting: Vampiric Draining (quite dangerous; 8% risk of failure)
Confirm with . or Enter, or press ? or * to list all spells.
The spell is quite dangerous to miscast (8% risk of failure)!
Continue anyway?
Aiming: Vampiric Draining (quite dangerous; 8% risk of failure)
Press: ? - help, Shift-Dir - straight line, f - adder, p - adder
Aim: an adder (moderately wounded)
You miscast Vampiric Draining.
You are very lightly contaminated with residual magic.
Nothing appears to happen.
You feel sick. The adder bites you.
* * * LOW HITPOINT WARNING * * *
You are lethally poisoned!
The adder poisons you! The adder bites you.
* * * LOW HITPOINT WARNING * * *
Casting: Vampiric Draining (quite dangerous; 8% risk of failure)
Confirm with . or Enter, or press ? or * to list all spells.
You don't have enough magic to cast this spell.
There is a lethal amount of poison in your body!
You barely miss the adder.
The adder is moderately wounded.
* * * LOW HITPOINT WARNING * * *
You feel very sick. The adder misses you. The adder bites you.
* * * LOW HITPOINT WARNING * * *
As you read the scroll labelled USSERI SARATH, it crumbles to dust.
It is a scroll of identify.
f - 2 potions of mutation You die...

....
#........##..#..
#......##..#.#...#
#..>.
..........#.#.#..#
#####
...........#_#..##
[........#.#.#....
#........#.#..####
#.......).....#
..#.....S#..######
.......@S.........
##################


You could see 2 adders.

Vanquished Creatures
  3 adders
  A worm (D:2)
  A dart slug (D:1)
  4 endoplasms
  A giant cockroach (D:2)
  5 goblins
  3 hobgoblins
  2 jackals (D:1)
  3 kobolds
  2 quokkas
  2 ball pythons (D:1)
  4 bats
  6 frilled lizards
  3 rats
40 creatures vanquished.

Vanquished Creatures (collateral kills)
  2 rats
2 creatures vanquished.

Vanquished Creatures (others)
  A plant (D:2)
1 creature vanquished.

Grand Total: 43 creatures vanquished

Notes
Turn   | Place    | Note
-------+----------+-------------------------------------------
     0 | D:1      | Subzer0 the Human Necromancer began the quest for the Orb.
     0 | D:1      | Reached XP level 1. HP: 13/13 MP: 3/3
   317 | D:1      | Reached XP level 2. HP: 19/19 MP: 3/5
  1294 | D:2      | Reached XP level 3. HP: 24/24 MP: 4/6
  1657 | D:2      | Found Bugyvuh's Weapon Shop.
  1661 | D:2      | Bought 7 stones for 9 gold pieces
  1661 | D:2      | Bought 7 stones for 9 gold pieces
  1661 | D:2      | Bought 5 stones for 7 gold pieces
  1787 | D:2      | Found a glowing silver altar of Zin.
  1815 | D:2      | Learned a level 3 spell: Vampiric Draining
  1817 | D:2      | Learned a level 1 spell: Beastly Appendage
  1820 | D:2      | Learned a level 2 spell: Wereblood
  1905 | D:2      | Reached XP level 4. HP: 25/30 MP: 0/8
  2653 | D:3      | Found a hazy altar of Hepliaklqana.
  2667 | D:3      | Became a worshipper of Hepliaklqana the Forgotten
  2736 | D:3      | Found a faded altar of an unknown god.
  2761 | D:3      | Prayed at the altar of an unknown god.
  2761 | D:3      | Fell from the grace of Hepliaklqana
  2761 | D:3      | Became a worshipper of Qazlal Stormbringer
  2761 | D:3      | Reached * piety under Qazlal
  2777 | D:3      | Succumbed to an adder's poison

Illustrated notes

Levels and vault maps discovered:
D:1:      minmay_arrival_diagonal_passages, layout_basic,
          chequers_serial_rivers_large_a, minmay_misc_feat_more_columns,
          minmay_misc_feat_tiny
D:2:      layout_basic, basic_altar, serial_shops, nicolae_shop_trees,
          serial_bayou_crossing
D:3:      layout_basic, mainiacjoe_overflow_tiny_flanked, serial_shops, shop,
          chequers_ecumenical_altar_simple_redux, minmay_pentomino_pile

Skill      XL: |  1  2  3  4 |
---------------+-------------+-----
Spellcasting   | 3 |  3.0
Dodging        | |  2.2
Stealth        | |  2.2
Necromancy     | |  4.8

Action                   |  1- 3 |  4- 6 || total
-------------------------+-------+-------++-------
Melee: Dagger            |     9 |       ||     9
       Short sword       |    16 |    11 ||    27
       Punch             |     1 |       ||     1
 Cast: Necrotise         |    53 |    14 ||    67
       Vampiric Draining |     1 |     2 ||     3
       Beastly Appendage |     1 |       ||     1
  Use: Scroll            |     6 |     2 ||     8
Armor: Robe              |    31 |    10 ||    41
Dodge: Dodged            |    46 |    21 ||    67

Table legend: (Time is in decaauts)
 A = Elapsed time spent in this place.
 B = Non-inter-level travel time spent in this place.
 C = Inter-level travel time spent in this place.
 D = Time resting spent in this place.
 E = Time spent auto-exploring this place.
 F = Levels seen in this place.
 G = Mean time per level.
                   A        B        C        D        E       F      G
               +--------+--------+--------+--------+--------+-----+--------+
         Total |   2800 |   2800 |      0 |    198 |   1165 |   3 |  933.3 |
       Dungeon |   2800 |   2800 |      0 |    198 |   1165 |   3 |  933.3 |
               +--------+--------+--------+--------+--------+-----+--------+

Top non-repeatable levels by time:
     D:1: 1278 daAuts
     D:2: 1166 daAuts
     D:3: 356 daAuts
